 Dungeon Crawl Stone Soup version 0.29.1-4-g47bece8355 (webtiles) character file.

Game seed: 15190145384586859595

3784 Gabide the Purveyor of Pain (level 9, -1/69 HPs)
             Began as a Mummy Necromancer on Dec 3, 2022.
             Was an Initiate of Kikubaaqudgha.
             Slain by a death knight
             ... wielding a +3 glaive
              (16 damage)
             ... on level 8 of the Dungeon.
             The game lasted 00:17:41 (9441 turns).

Gabide the Purveyor of Pain (Mummy Necromancer)     Turns: 9441, Time: 00:17:45

Health: -1/69      AC: 10    Str: 11    XL:     9   Next: 95%
Magic:  19/27      EV: 14    Int: 18    God:    Kikubaaqudgha [......]
Gold:   262        SH:  0    Dex: 15    Spells: 12/20 levels left

rFire   x . .      SeeInvis .   a - +7 spear of Jicuocko {flame, Dex+2}
rCold   + . .      Faith    .   (no shield)
rNeg    + + +      Spirit   .   e - +0 leather armour
rPois   ∞          Reflect  .   (no helmet)
rElec   .          Harm     .   (no cloak)
rCorr   .          Rampage  .   (no gloves)
Will    +....                   i - +2 pair of boots
Stlth   ++........              w - amulet of regeneration
HPRegen 1.01/turn               v - +4 ring of protection
MPRegen 0.20/turn               p - ring of magical power

@: no status effects
A: cold resistance 1, negative energy resistance 3, torment resistance 2, heat
vulnerability 1, in touch with death 1, no potions
a: Renounce Religion


You were on level 8 of the Dungeon.
You worshipped Kikubaaqudgha.
Kikubaaqudgha was noncommittal.
You visited 2 branches of the dungeon, and saw 9 of its levels.

You collected 390 gold pieces.
You spent 128 gold pieces at shops.

Inventory:

Hand Weapons
 a - the +7 spear of Jicuocko (weapon) {flame, Dex+2}
   (You bought it in a shop on level 4 of the Dungeon)

   It burns those it strikes, dealing additional fire damage.
   Dex:       It affects your dexterity (+2).
 b - a +2 spear of pain
Missiles
 o - 4 datura-tipped darts
 q - 5 curare-tipped darts
Armour
 e - a +0 leather armour (worn)
 i - a +2 pair of boots (worn)
Jewellery
 h - a +6 ring of dexterity
 p - a ring of magical power (right hand)
 v - a +4 ring of protection (left hand)
 w - an amulet of regeneration (around neck)
Wands
 r - a wand of acid (5)
 u - a wand of charming (7)
Scrolls
 c - a scroll of enchant weapon {unknown}
 d - 3 scrolls of magic mapping
 f - 2 scrolls of immolation
 g - a scroll of blinking {unknown}
 j - a scroll of noise {unknown}
 k - 2 scrolls of butterflies
 l - 4 scrolls of teleportation
 m - 2 scrolls of poison
 n - a scroll of amnesia
 s - a scroll of enchant armour


   Skills:
 - Level 6.0 Fighting
 - Level 2.0 Armour
 + Level 5.6 Dodging
 - Level 2.0 Stealth
 + Level 5.6 Unarmed Combat
 - Level 6.0 Spellcasting
 - Level 8.0 Necromancy


You had 12 spell levels left.
You knew the following spells:

 Your Spells              Type           Power      Damage    Failure   Level
a - Necrotise             Necr           100%       1d9       1%          1
b - Vampiric Draining     Necr           50%        2d9       1%          3
c - Animate Dead          Necr           50%        N/A       6%          4

Your spell library contained the following spells:

 Spells                   Type           Power      Damage    Failure   Level
 Summon Small Mammal      Summ           20%        N/A       16%         1
 Agony                    Necr           50%        N/A       16%         5
 Ensorcelled Hibernation  Hex/Ice        10%        N/A       24%         2
 Anguish                  Hex/Necr       14%        N/A       30%         4
 Call Canine Familiar     Summ           5%         N/A       43%         3
 Confusing Touch          Hex            5%         N/A       43%         3
 Conjure Flame            Conj/Fire      5%         6-21      43%         3
 Ignite Poison            Fire/Tmut/Pois 5%         N/A       43%         3
 Summon Guardian Golem    Hex/Summ       5%         N/A       43%         3
 Sticky Flame             Conj/Fire      5%         2d3       83%         4
 Yara's Violent Unravell  Hex/Tmut       2%         3d3       99%         5
 Enfeeble                 Hex            2%         N/A       100%        7
 Spider Form              Tmut/Pois      Unusable   N/A       N/A         3

Dungeon Overview and Level Annotations

Branches:
Dungeon (8/15)             Temple (1/1) D:7
   Lair: D:8-11

Altars:
Ashenzari
Cheibriados
Dithmenos
Fedhas
Gozag
Hepliaklqana
Kikubaaqudgha
Makhleb
Nemelex Xobeh
Okawaru
Qazlal
Ru
Sif Muna
Trog
Uskayaw
Vehumet
Wu Jian
Xom
Yredelemnul

Shops:
D:4 (


Innate Abilities, Weirdness & Mutations

You are immune to poison.
Your flesh is cold resistant. (rC+)
You are immune to negative energy. (rN+++)
You are immune to unholy pain and torment.
You are vulnerable to heat. (rF-)
You are in touch with the powers of death.
You do not drink.


Message History

The death knight closely misses you.
The air fills with toxic fumes!
As you read the scroll of poison, it crumbles to dust.
The death knight hits you from afar with a +3 glaive!!
* * * LOW HITPOINT WARNING * * *
The death knight is engulfed in poison gas.
The death knight is poisoned.
The death knight reflects your damage back at you!
* * * LOW HITPOINT WARNING * * *
The white imp disappears for a moment.
You can't drink.
As you read the scroll of butterflies, it crumbles to dust.
You hear the tinkle of a tiny bell.
The death knight reflects your damage back at you!
The death knight completely misses you.
You swap places.
Your butterfly is engulfed in poison gas.
Your butterfly is poisoned.
You kill your butterfly!
Your butterfly disappears in a burst of colours!
Your butterfly is engulfed in poison gas.
Your butterfly is poisoned.
You kill your butterfly!
Your butterfly disappears in a burst of colours!
Your butterfly is engulfed in poison gas.
Your butterfly is poisoned.
You kill your butterfly!
Your butterfly disappears in a burst of colours!
Your butterfly is engulfed in poison gas.
Your butterfly is poisoned.
You kill your butterfly!
Your butterfly disappears in a burst of colours!
Your butterfly is poisoned.
Your butterfly looks even sicker.
You kill your butterfly!
Your butterfly disappears in a burst of colours!
The death knight is engulfed in poison gas.
The death knight looks even sicker.
The death knight hits you from afar with a +3 glaive!
You die...
Kikubaaqudgha rasps: "You have failed me!
Welcome... oblivion!"

#.......# #..
#.......# ###
#.......# #.......#
#.......# ........#
##......###
##.......# ########
#######.####§@§...#
.........##§§####....
.........#yp## .
.........#.## #...##.
.........#§# :.....#
.........#5# .......
###.......D## .y.....
#......§..# .D....#
#.........##.yp...#


You could see a death knight (reflects damage, very poisoned) and a vampire
mosquito.

Vanquished Creatures
  A hornet (D:8)
  Grinder (D:6)
  Prince Ribbit (D:8)
  A wyvern (D:7)
  A steam dragon (D:8)
  Edmund (D:5)
  Menkaure (D:6)
  A water moccasin (D:6)
  4 black bears
  An orc warrior (D:7)
  2 ice beasts
  A sky beast (D:7)
  An ogre (D:5)
  A centaur (D:7)
  2 phantoms (D:6)
  A kobold brigand (D:6)
  2 gnoll sergeants
  4 scorpions
  A necrophage (D:4)
  4 wights
  A killer bee (D:8)
  2 electric eels (D:6)
  A jelly (D:6)
  3 orc priests
  6 hounds
  6 iguanas
  9 gnolls
  11 adders
  A white imp (D:7)
  An ufetubus (D:5)
  2 worms
  A dart slug (D:3)
  17 orcs
  9 ball pythons
  3 bats (D:1)
  12 endoplasms
  7 giant cockroaches
  9 hobgoblins
  2 jackals (D:2)
  11 kobolds
  5 quokkas
  6 frilled lizards
  9 goblins
  4 rats
170 creatures vanquished.

Vanquished Creatures (collateral kills)
  2 orcs (D:3)
  An endoplasm (D:2)
  A ball python (D:2)
  A kobold (D:2)
  2 rats
7 creatures vanquished.

Vanquished Creatures (others)
  7 gnoll zombies
7 creatures vanquished.

Grand Total: 184 creatures vanquished

Notes
Turn   | Place    | Note
-------+----------+-------------------------------------------
     0 | D:1      | Gabide the Mummy Necromancer began the quest for the Orb.
     0 | D:1      | Reached XP level 1. HP: 13/13 MP: 4/4
   209 | D:1      | Reached XP level 2. HP: 20/20 MP: 3/5
   286 | D:1      | Reached skill level 1 in Fighting
   435 | D:1      | Reached skill level 1 in Unarmed Combat
   549 | D:1      | Found a faded altar of an unknown god.
   610 | D:1      | Gained mutation: You are in touch with the powers of death.
                  | [Mummy growth]
   610 | D:1      | Reached XP level 3. HP: 26/26 MP: 4/7
  1327 | D:2      | Reached XP level 4. HP: 33/33 MP: 3/8
  1395 | D:2      | Learned a level 3 spell: Vampiric Draining
  2212 | D:3      | Noticed a black bear
  2219 | D:3      | Killed a black bear
  2220 | D:3      | Reached XP level 5. HP: 38/38 MP: 4/11
  2915 | D:4      | You fall into a shaft and drop 1 floor!
  2915 | D:5      | Entered Level 5 of the Dungeon
  2938 | D:5      | Reached XP level 6. HP: 44/44 MP: 7/12
  3196 | D:5      | Noticed Edmund
  3227 | D:5      | Killed Edmund
  3429 | D:5      | Reached XP level 7. HP: 44/51 MP: 8/14
  3587 | D:4      | Found a snail-covered altar of Cheibriados.
  3590 | D:4      | Found a shimmering blue altar of Sif Muna.
  3614 | D:4      | Reached skill level 5 in Spellcasting
  3980 | D:4      | Found Olie's Antique Weapon Shop.
  3991 | D:4      | Bought an ichor-stained spear for 128 gold pieces
  3991 | D:4      | Identified the +7 spear of Jicuocko {flame, Dex+2} (You
                  | bought it in a shop on level 4 of the Dungeon)
  5052 | D:5      | Reached skill level 5 in Necromancy
  5457 | D:6      | Learned a level 4 spell: Animate Dead
  5527 | D:6      | Reached XP level 8. HP: 60/60 MP: 16/16
  5781 | D:6      | Noticed Grinder
  5997 | D:6      | Killed Grinder
  6020 | D:6      | Reached skill level 6 in Necromancy
  6059 | D:6      | Noticed Menkaure
  6077 | D:6      | Killed Menkaure
  6412 | D:6      | Reached skill level 7 in Necromancy
  6726 | D:6      | Reached XP level 9. HP: 65/65 MP: 0/18
  6759 | D:6      | Reached skill level 8 in Necromancy
  7547 | D:7      | Found a staircase to the Ecumenical Temple.
  7585 | Temple   | Entered the Ecumenical Temple
  7716 | Temple   | Became a worshipper of Kikubaaqudgha
  8349 | D:7      | Reached skill level 5 in Fighting
  8715 | D:7      | Reached skill level 5 in Dodging
  8715 | D:7      | Reached skill level 5 in Unarmed Combat
  9301 | D:8      | Noticed Prince Ribbit
  9313 | D:8      | Killed Prince Ribbit
  9400 | D:8      | Noticed a death knight
  9441 | D:8      | Slain by a death knight

Illustrated notes

Levels and vault maps discovered:
D:1:      shiori_arrival_oz, layout_basic,
          chequers_ecumenical_altar_simple_redux
D:2:      cheibrodos_helix_gallery, layout_rooms, kennysheep_flooded_box
D:3:      layout_basic
D:4:      layout_basic, nicolae_overflow_squiral, serial_shops, shop_statue,
          hangedman_decor_growths, saegor_snake_ambush
D:5:      layout_cave_pods, minmay_door_square, uniq_edmund
D:6:      layout_basic, serial_co_window_serial, co_window_paths_b,
          co_window_paths_a, co_window_of_opportunity_a, co_window_paths_a,
          co_window_of_opportunity_a, co_window_paths_b,
          co_window_of_opportunity_b, co_window_cross_3,
          co_window_unsneaky_path_b, co_window_of_opportunity_c,
          glass_columns_b, water_maze_lemuel, uniq_menkaure, uniq_grinder
D:7:      layout_basic, minmay_temple_entry_junction_2,
          minmay_misc_feat_more_columns, minmay_misc_feat_hallway
D:8:      layout_basic, minmay_manual_moon, uniq_prince_ribbit1
Temple:   mainiacjoe_temple_big_plus

Skill      XL: |  1  2  3  4  5  6  7  8  9 |
---------------+----------------------------+-----
Fighting       | 1 2 3 4 6 |  6.0
Dodging        | 2 3 4 5 |  5.6
Unarmed Combat | 1 2 3 4 5 |  5.6
Spellcasting   | 4 5 6 |  6.0
Armour         | 2 |  2.0
Stealth        | 2 |  2.0
Necromancy     | 5 7 8 |  8.0

Action                   |  1- 3 |  4- 6 |  7- 9 || total
-------------------------+-------+-------+-------++-------
Melee: Unarmed           |     9 |     4 |       ||    13
       Flail             |       |     1 |     9 ||    10
       Spear             |       |       |   125 ||   125
       Punch             |       |       |     5 ||     5
 Cast: Necrotise         |    76 |    83 |    88 ||   247
       Vampiric Draining |       |     1 |    68 ||    69
       Animate Dead      |       |       |     2 ||     2
  Use: Scroll            |       |       |    11 ||    11
 Stab: Distracted        |     1 |       |       ||     1
       Sleeping          |       |       |     5 ||     5
Armor: Leather armour    |     3 |     2 |    45 ||    50
Dodge: Dodged            |    16 |    16 |   121 ||   153
